 Dungeon Crawl Stone Soup version 0.29.0-4-gdea44cf6ec (webtiles) character file.

Game seed: 9501893347126315913

93 qw the Chopper (level 4, 0/25 (26) HPs)
             Began as a Tengu Warper on Aug 28, 2022.
             Slain by a goblin
             ... wielding a +1 dagger of draining
             ... led by Robin
              (4 damage)
             ... on level 2 of the Dungeon.
             The game lasted 00:00:12 (1920 turns).

qw the Chopper (Tengu Warper)                       Turns: 1920, Time: 00:00:12

HP:   0/25 (26)     AC:  3    Str: 13    XL:     4   Next: 61%
MP:   8/8           EV: 12    Int: 13    God:
Gold: 35            SH:  0    Dex: 14    Spells: 7/7 levels left

rFire   . . .      SeeInvis .   Y - +0 hand axe
rCold   . . .      Faith    .   (no shield)
rNeg    . . .      Spirit   .   b - +0 leather armour
rPois   .          Reflect  .   (helmet restricted)
rElec   .          Harm     .   (no cloak)
rCorr   +          Rampage  .   (no gloves)
Will    .....                   (boots unavailable)
Stlth   +.........              (no amulet)
HPRegen 0.08/turn               e - ring of resist corrosion
MPRegen 0.11/turn               (no ring)

@: lightly drained
A: beak, talons 3
a: no special abilities


You were on level 2 of the Dungeon.
You visited 1 branch of the dungeon, and saw 2 of its levels.

You collected 35 gold pieces.


Innate Abilities, Weirdness & Mutations

You have a beak for a mouth.
You have claws for feet.


   Skills:
 - Level 2.0 Fighting
 + Level 5.1 Axes
 - Level 1.0 Throwing
 - Level 1.1 Armour
 - Level 2.1 Dodging
 - Level 2.0 Spellcasting
 - Level 2.4 Translocations


You had 7 spell levels left.
You didn't know any spells.
Your spell library contained the following spells:

 Spells                   Type           Power      Damage    Failure   Level
 Blink                    Tloc           14%        N/A       19%         2
 Gell's Gravitas          Tloc           7%         N/A       36%         3
 Lesser Beckoning         Tloc           7%         N/A       36%         3
 Teleport Other           Tloc           7%         N/A       36%         3
 Manifold Assault         Tloc           7%         N/A       98%         5

Inventory:

Hand Weapons
 j - a +0 whip
 Y - a +0 hand axe (weapon)
Armour
 b - a +0 leather armour (worn)
 l - a +0 ring mail
Jewellery
 e - a ring of resist corrosion (left hand)
 k - a ring of poison resistance
Scrolls
 a - a scroll of enchant weapon {unknown}
 d - a scroll of noise {unknown}
 h - a scroll of amnesia {unknown}
 i - a scroll of teleportation {unknown}
 m - a scroll of identify
 o - a scroll of summoning {unknown}
Potions
 c - 2 potions of heal wounds {unknown}
 f - a potion of lignification {unknown}
 g - a potion of might {unknown}
 n - a potion of curing {unknown}

Dungeon Overview and Level Annotations

Branches:
Dungeon (2/15)

Altars:
Vehumet

Annotations:
D:2 Robin


Message History

The goblin is moderately wounded.
You hit the hobgoblin but do no damage. The hobgoblin completely misses you.
The goblin barely misses you.
You closely miss the goblin.
The goblin is moderately wounded.
You closely miss the hobgoblin. The hobgoblin barely misses you.
The goblin hits you with a +0 dagger.
You barely miss the goblin.
The goblin is moderately wounded.
You hit the hobgoblin but do no damage. The hobgoblin completely misses you.
Robin throws the goblin at you!
You hit the goblin but do no damage.
The goblin is moderately wounded.
You hit the hobgoblin but do no damage. You hit the goblin but do no damage.
The goblin shoots a sling bullet.
The sling bullet hits you but does no damage.
The hobgoblin hits you but does no damage.
The goblin completely misses you. The goblin closely misses you.
You hit the goblin.
You kill the goblin!
You hit the hobgoblin but do no damage. You closely miss the goblin.
You hit Robin but do no damage.
The hobgoblin hits you but does no damage.
The goblin hits you with a +1 dagger of draining.
You feel drained. Robin closely misses you.
You barely miss Robin. You hit the hobgoblin.
You kill the hobgoblin!
You barely miss the goblin. The goblin closely misses you.
The goblin shoots a sling bullet.
The sling bullet barely misses you.
You hit Robin but do no damage. You closely miss the goblin.
Robin hits you with a +2 mace of protection.
The goblin barely misses you.
You hit Robin. You claw Robin. You peck Robin, but do no damage.
Robin is moderately wounded.
You hit the goblin but do no damage. You hit the goblin.
The goblin no longer looks unusually strong.
The goblin barely misses you.
The goblin hits you with a +1 dagger of draining.
You die...

.g.....# g.....#
. ......## ..
g.$....## ...
..w... ....
....#### .....
##)....#
......#g)....#
..>..gg@%....+
.!.!..##g....####
..... #.....#..#
....
#........########
...
######........?..
?# #...........
#...........
#...........
#...........


You could see Robin and 3 goblins.

Vanquished Creatures
  Natasha (D:2)
  An adder (D:2)
  2 worms (D:2)
  3 dart slugs
  6 endoplasms
  A giant cockroach (D:1)
  5 hobgoblins
  4 jackals (D:1)
  A quokka (D:1)
  2 ball pythons
  5 bats
  2 frilled lizards (D:1)
  7 goblins
  6 kobolds
  A rat (D:1)
47 creatures vanquished.

Notes
Turn   | Place    | Note
-------+----------+-------------------------------------------
     0 | D:1      | qw the Tengu Warper began the quest for the Orb.
     0 | D:1      | Reached XP level 1. HP: 12/12 MP: 4/4
     0 | D:1      | 0 ||| qw: Version: 0.1-a-89-g26bdef1
     0 | D:1      | 0 ||| qw: Game counter: 730
     0 | D:1      | 0 ||| qw: Always use a shield: true
     0 | D:1      | 0 ||| qw: God list: Okawaru
     0 | D:1      | 0 ||| qw: Allow faded altars: false
     0 | D:1      | 0 ||| qw: Do Orc after D:15 true
     0 | D:1      | 0 ||| qw: Do second Lair branch before Depths: true
     0 | D:1      | 0 ||| qw: Lair rune preference: random
     0 | D:1      | 0 ||| qw: Plans: Normal
     0 | D:1      | 0 ||| PLANNING D:1-11
   223 | D:1      | Reached XP level 2. HP: 17/17 MP: 6/6
   233 | D:1      | 233 ||| Stepping ~*~*~tactically~*~*~ (stealth).
   236 | D:1      | Reached skill level 3 in Axes
   238 | D:1      | 238 ||| Stepping ~*~*~tactically~*~*~ (stealth).
   243 | D:1      | 243 ||| Stepping ~*~*~tactically~*~*~ (stealth).
   387 | D:1      | 387 ||| Stepping ~*~*~tactically~*~*~ (stealth).
   592 | D:1      | 592 ||| Stepping ~*~*~tactically~*~*~ (stealth).
   593 | D:1      | 593 ||| Stepping ~*~*~tactically~*~*~ (stealth).
   948 | D:1      | 948 ||| DROPPING +0 club.
   973 | D:1      | Reached XP level 3. HP: 20/21 MP: 7/7
  1191 | D:1      | 1191 ||| UPGRADING to ring of resist corrosion.
  1192 | D:1      | 1192 ||| READING scroll labelled ULOAPOE RUNE.
  1193 | D:1      | 1193 ||| READING scroll labelled RENAXKOPEV.
  1194 | D:1      | 1194 ||| DROPPING scroll of blinking.
  1233 | D:2      | Found a radiant altar of Vehumet.
  1272 | D:2      | Reached skill level 4 in Axes
  1297 | D:2      | 1297 ||| Stepping ~*~*~tactically~*~*~ (stealth).
  1314 | D:2      | 1314 ||| Stepping ~*~*~tactically~*~*~ (hiding).
  1354 | D:2      | 1354 ||| Stepping ~*~*~tactically~*~*~ (stealth).
  1357 | D:2      | 1357 ||| Stepping ~*~*~tactically~*~*~ (stealth).
  1358 | D:2      | 1358 ||| Stepping ~*~*~tactically~*~*~ (stealth).
  1359 | D:2      | 1359 ||| Stepping ~*~*~tactically~*~*~ (stealth).
  1360 | D:2      | 1360 ||| Stepping ~*~*~tactically~*~*~ (stealth).
  1361 | D:2      | 1361 ||| Stepping ~*~*~tactically~*~*~ (stealth).
  1520 | D:2      | Found a faded altar of an unknown god.
  1547 | D:2      | HP: 5/21 [poisoned by an adder]
  1804 | D:2      | Reached XP level 4. HP: 26/26 MP: 8/8
  1895 | D:2      | Noticed Natasha
  1896 | D:2      | 1896 ||| Stepping ~*~*~tactically~*~*~ (hiding).
  1897 | D:2      | 1897 ||| Stepping ~*~*~tactically~*~*~ (hiding).
  1903 | D:2      | Killed Natasha
  1904 | D:2      | Reached skill level 5 in Axes
  1908 | D:2      | 1908 ||| Stepping ~*~*~tactically~*~*~ (stealth).
  1908 | D:2      | Noticed Robin
  1919 | D:2      | HP: 4/25 [Robin/+2 mace of protection (4)]
  1920 | D:2      | Slain by a goblin

Levels and vault maps discovered:
D:1:      saegor_arrival_simple_b, layout_basic
D:2:      layout_basic, basic_altar,
          hellmonk_ecumenical_altar_pennies_from_heaven, minmay_misc_feat_rows,
          uniq_crazy_yiuf_cottage, uniq_natasha, uniq_robin

Skill      XL: |  1  2  3  4 |
---------------+-------------+-----
Axes           | 3 4 5 |  5.1
Fighting       | |  2.0
Throwing       | |  1.0
Armour         | |  1.1
Dodging        | |  2.1
Spellcasting   | |  2.0
Translocations | |  2.4

Action                   |  1- 3 |  4- 6 || total
-------------------------+-------+-------++-------
Melee: Hand axe          |    93 |    21 ||   114
       Peck              |    12 |     3 ||    15
       Kick              |    24 |     4 ||    28
Throw: Boomerang         |     7 |       ||     7
  Use: Scroll            |     2 |       ||     2
Armor: Leather armour    |    22 |     9 ||    31
Dodge: Dodged            |    43 |    16 ||    59

Table legend:
 A = Non-vault XP
 B = Vault XP
 C = Vault XP percentage of total XP
 D = Non-vault monster count
 E = Vault monster count
 F = Vault count percentage of total count
                 A         B        C        D         E       F
            +---------+---------+-------+---------+---------+-------
      Total |      84 |      49 |  36.8 |      39 |       8 |  17.0
            +---------+---------+-------+---------+---------+-------
        D:1 |      42 |       0 |   0.0 |      24 |       0 |   0.0
        D:2 |      42 |      49 |  53.8 |      15 |       8 |  34.8
            +---------+---------+-------+---------+---------+-------
